Map: Thunderbird LE

Players

Skitter

  • Race: Zerg Zerg
  • League: Diamond
  • Spawn Location: 11:00

Kyakan - Winner!

  • Race: Protoss Protoss
  • Spawn Location: 5:00

VOD

Have the link to the VOD?

Description

Time

  • Played on: Aug. 4, 2019, 9:27 p.m.
  • Length: 22:45
Show
View Real Time Build Order
Export as new Build Order

Skitter Zerg 

Build Orders: Hatch First 

Get SALT Encoding   

  12  0:00  Drone  
  13  0:13  Overlord  
  13  0:17  Drone  
  14  0:31  Drone x2  
  16  0:36  Drone  
  17  0:52  Hatchery  
  17  0:56  Drone  
  17  0:59  Drone  
  18  1:11  Extractor  
  17  1:14  Spawning Pool  
  17  1:16  Drone  
  17  1:20  Drone  
  18  1:44  Drone  
  18  1:45  Overlord  
  19  2:01  Queen  
  19  2:02  Zergling x2  
  19  2:04  Zergling x2  
  19  2:07  Queen  
  25  2:08  Drone  
  25  2:13  Drone  
  27  2:19  Drone  
  28  2:35  Metabolic Boost  
  28  2:38  Drone x4  
  32  2:53  Drone x2  
  32  2:55  Hatchery  
  33  2:59  Drone  
  33  3:00  Drone  
  34  3:07  Drone  
  35  3:14  Overlord  
  35  3:15  Overlord  
  35  3:29  Overlord  
  35  3:32  Queen  
  37  3:36  Drone x6  
  43  3:43  Drone x4  
  43  3:47  Roach Warren  
  46  3:51  Extractor, Drone  
  46  3:52  Extractor  
  45  4:06  Drone x5  
  50  4:27  Overlord  
  50  4:29  Zergling x18  
  59  4:32  Queen  
  59  4:34  Queen  
  59  4:37  Lair  
  63  4:44  Drone x3, Evolution Chamber  
  63  4:45  Overlord, Drone  
  65  5:03  Baneling Nest, Drone x10  
  74  5:10  Overlord  
  74  5:12  Zerg Missile Weapons Level 1, Drone  
  74  5:13  Drone x2  
  77  5:32  Overlord  
  77  5:33  Roach x6  
  77  5:34  Overlord x2  
  89  5:45  Drone  
  89  5:48  Extractor  
  85  6:05  Roach  
  85  6:06  Roach x10  
  102  6:11  Overlord, Glial Reconstitution  
  102  6:13  Centrifical Hooks  
  102  6:14  Drone x4  
  106  6:31  Extractor  
  105  6:35  Evolution Chamber  
  105  6:37  Hatchery  
  103  6:40  Zergling x10  
  108  6:48  Hatchery  
  107  6:55  Overlord  
  107  6:56  Drone x2  
  107  6:57  Drone x5  
  107  6:58  Overlord x3  
  114  7:04  Spire  
  114  7:06  Zerg Missile Weapons Level 2  
  114  7:08  Infestation Pit  
  112  7:09  Zerg Melee Weapons Level 1  
  112  7:31  Nydus Network  
  112  7:32  Extractor  
  109  7:48  Overlord  
  109  7:49  Roach  
  109  7:50  Roach x20  
  151  8:02  Roach  
  151  8:03  Roach x2, Overlord x2  
  157  8:15  Overlord  
  157  8:18  Hive  
  139  8:36  Roach x19  
  159  8:58  Spire  
  159  8:59  Corruptor  
  159  9:00  Hydralisk Den  
  156  9:11  Drone x10  
  156  9:12  Overlord x2  
  166  9:21  Nydus Canal  
  166  9:34  Hydralisk x9  
  184  9:42  Nydus Canal  
  166  9:50  Zergling x2  
  166  9:51  Zergling x22  
  158  9:55  Adrenal Glands  
  158  9:58  Extractor  
  157  10:00  Extractor  
  144  10:17  Overlord, Hydralisk x4  
  144  10:18  Hydralisk x3  
  154  10:39  Overlord  
  154  10:51  Zergling x2  
  154  10:52  Zergling x34  
  172  11:04  Drone x12  
  176  11:17  Hatchery  
  175  11:28  Nydus Canal  
  174  11:59  Spore Crawler  
  174  12:00  Spine Crawler  
  172  12:03  Nydus Canal  
  172  12:16  Spore Crawler  
  172  12:17  Spine Crawler  
  172  12:18  Spore Crawler, Overlord  
  172  12:19  Spine Crawler  
  133  12:41  Hydralisk  
  133  12:42  Hydralisk x23  
  173  12:44  Zergling x2  
  173  12:45  Zergling x2  
  173  12:47  Zerg Missile Weapons Level 3  
  175  12:56  Overseer x2  
  175  13:13  Nydus Canal  
  175  13:21  Zergling x28  
  175  13:22  Zergling x18  
  198  13:42  Overlord  
  198  13:57  Queen x2  
  182  14:14  Grooved Spines  
  158  14:23  Drone  
  158  14:24  Drone x8  
  153  14:45  Overlord, Drone x2  
  155  14:51  Extractor  
  154  14:54  Spire x2  
  145  15:05  Hydralisk x8  
  145  15:06  Hydralisk x4  
  145  15:07  Zergling x22  
  119  15:22  Hydralisk x14  
  119  15:25  Muscular Augments  
  146  15:38  Hydralisk  
  146  15:39  Hydralisk x10  
  146  15:41  Zergling x4  
  170  16:03  Overlord  
  170  16:12  Overlord  
  170  16:15  Greater Spire  
  170  16:16  Corruptor x3, Zerg Flyer Weapons Level 1  
  170  16:17  Corruptor x4  
  184  16:18  Hydralisk  
  184  16:19  Hydralisk x7  
  200  16:44  Hydralisk x6  
  200  16:45  Hydralisk  
  194  16:47  Hydralisk x8  
  194  16:48  Hydralisk x2  
  194  16:49  Zergling x8  
  194  16:50  Zergling x4  
  198  16:59  Extractor  
  187  17:05  Zergling x4  
  187  17:06  Zergling x32  
  192  17:38  Overseer  
  192  17:46  Zerg Melee Weapons Level 2  
  192  17:49  Queen  
  194  17:56  Brood Lord  
  194  17:57  Brood Lord  
  198  17:59  Brood Lord  
  200  18:25  Overlord x2  
  153  18:45  Corruptor x5  
  153  18:46  Corruptor x5  
  153  18:47  Zergling x28  
  153  18:48  Zergling x28  
  145  18:58  Corruptor x2  
  145  18:59  Corruptor x3  
  155  19:05  Corruptor  
  149  19:10  Hydralisk x2  
  149  19:13  Baneling x8  
  152  19:26  Brood Lord x3  
  106  19:41  Hydralisk x5  
  106  19:43  Zergling x2  
  105  19:48  Brood Lord  
  99  19:56  Roach x2  
  61  21:07  Hatchery  
  61  21:10  Corruptor x2  
Show
View Real Time Build Order
Export as new Build Order

Kyakan Protoss - Winner!

Build Orders: 1 Gate Expand, Archon Immortal 

Get SALT Encoding   

  12  0:00  Probe  
  13  0:13  Probe  
  14  0:24  Pylon  
  14  0:25  Probe  
  15  0:42  Probe  
  16  0:45  Gateway  
  16  0:51  Assimilator  
  16  0:54  Probe  
  17  1:02  Probe  
  18  1:14  Probe  
  19  1:25  Probe  
  19  1:26  Nexus  
  20  1:35  Probe  
  20  1:39  Pylon  
  21  1:50  Probe  
  22  2:00  Zealot  
  24  2:01  Cybernetics Core  
  24  2:02  Probe  
  25  2:11  Gateway, Probe  
  26  2:19  Probe  
  26  2:20  Assimilator  
  26  2:29  Probe  
  28  2:41  Probe  
  29  2:48  Warp Gate  
  29  2:49  Robotics Facility  
  28  2:52  Probe  
  28  2:53  Probe  
  28  2:56  Assimilator  
  30  2:59  Adept  
  30  3:04  Probe  
  30  3:05  Probe  
  34  3:08  Adept  
  36  3:16  Probe  
  36  3:17  Probe  
  38  3:23  Pylon  
  38  3:34  Probe x2  
  39  3:38  Observer  
  41  3:44  Twilight Council  
  41  3:46  Probe x2  
  43  3:49  Gateway  
  43  3:54  Probe  
  43  3:55  Probe  
  43  3:58  Assimilator  
  43  4:02  Probe  
  45  4:03  Probe  
  45  4:06  Immortal  
  51  4:11  Pylon  
  51  4:18  Gateway  
  51  4:19  Probe x2  
  53  4:31  Probe x2, Charge  
  55  4:40  Templar Archives  
  55  4:43  Probe x2  
  57  4:49  Immortal  
  57  4:59  Shield Battery  
  57  5:00  Pylon  
  61  5:08  Pylon  
  61  5:16  Gateway  
  61  5:22  High Templar x2  
  61  5:24  Immortal  
  65  5:29  Pylon  
  65  5:32  Archon  
  69  5:37  Zealot x2  
  73  5:50  Nexus  
  73  5:53  Pylon  
  73  5:57  Pylon  
  73  5:59  Zealot x4  
  81  6:07  Warp Prism  
  83  6:16  Probe  
  83  6:17  Probe  
  85  6:20  High Templar x3  
  85  6:21  High Templar, Nexus  
  85  6:22  Pylon  
  85  6:24  Assimilator  
  93  6:29  Gateway  
  93  6:35  Gateway  
  93  6:37  Probe  
  94  6:40  Probe  
  95  6:49  Probe  
  95  6:52  High Templar x2, Probe  
  95  6:54  Pylon  
  101  6:55  Archon x2  
  101  6:57  Archon, Assimilator  
  101  7:06  Pylon  
  101  7:10  Robotics Facility  
  101  7:12  Immortal  
  101  7:13  Probe x2  
  107  7:25  Probe x2  
  109  7:30  Stargate  
  109  7:35  Forge  
  109  7:40  Forge  
  109  7:41  High Templar x2  
  109  7:43  Zealot x2  
  117  7:45  Pylon, Archon  
  117  7:49  Gateway  
  117  7:51  Probe x2  
  119  7:56  Immortal  
  123  7:59  Protoss Ground Weapons Level 1  
  123  8:03  Probe x3  
  126  8:15  Phoenix, Probe x3  
  126  8:18  Immortal  
  119  8:40  Phoenix, Zealot  
  119  8:41  Zealot x5  
  107  8:51  Protoss Ground Armor Level 1  
  107  8:54  Immortal  
  111  8:57  Immortal  
  115  9:04  Psionic Storm  
  115  9:05  Phoenix  
  115  9:06  Zealot x4  
  113  9:22  Gateway  
  113  9:27  Zealot x4  
  113  9:28  Zealot x3, Gateway  
  114  9:44  Immortal  
  109  9:50  Phoenix, Robotics Bay  
  105  10:01  High Templar x3  
  105  10:02  High Templar  
  105  10:07  Archon x2  
  87  10:16  Zealot x2  
  87  10:17  Zealot  
  93  10:22  Probe x3  
  93  10:26  Protoss Ground Weapons Level 2  
  96  10:33  Protoss Ground Armor Level 2  
  96  10:34  Probe x3  
  99  10:46  Probe x3  
  99  10:47  Zealot x3  
  99  10:48  Zealot  
  110  10:50  High Templar  
  112  11:06  Probe  
  113  11:26  Zealot x4  
  113  11:27  Zealot  
  113  11:30  Immortal  
  113  11:31  Zealot  
  127  11:49  High Templar x3  
  127  11:51  Zealot  
  127  11:53  Archon  
  125  11:57  Archon  
  125  12:00  Immortal  
  129  12:04  Probe x2  
  129  12:05  Probe  
  132  12:16  Probe  
  132  12:34  Pylon  
  132  12:37  Zealot x4, Assimilator  
  129  12:38  Assimilator  
  135  12:56  Nexus  
  135  12:58  Pylon  
  135  12:59  High Templar x3  
  135  13:00  High Templar  
  143  13:10  Extended Thermal Lance  
  143  13:15  Probe x3  
  147  13:27  Probe x3  
  149  13:44  Zealot x4  
  157  13:51  Protoss Ground Weapons Level 3  
  157  13:52  Warp Prism  
  157  14:01  Pylon  
  157  14:02  Pylon  
  157  14:04  Pylon  
  157  14:07  Pylon  
  139  14:14  Colossus  
  129  14:45  Probe x2  
  131  14:47  Nexus  
  131  14:48  Probe  
  132  14:55  Archon  
  132  14:56  Archon  
  132  14:58  High Templar x3  
  130  15:04  Archon  
  114  15:07  Zealot  
  114  15:09  High Templar  
  102  15:18  High Templar x2  
  98  15:24  Archon  
  98  15:33  Probe x2  
  98  15:34  Probe  
  101  15:45  Probe  
  101  15:46  Dark Shrine  
  102  16:02  Colossus  
  108  16:05  Probe  
  108  16:06  Probe  
  110  16:12  High Templar  
  110  16:13  High Templar x2  
  110  16:14  High Templar  
  110  16:18  High Templar x2  
  122  16:23  Archon  
  122  16:30  Probe x3  
  122  16:31  Probe  
  126  16:42  Probe x2  
  126  16:43  Probe  
  119  16:53  Zealot x2  
  119  16:54  Zealot x5  
  121  16:57  Colossus  
  129  17:17  Colossus  
  129  17:19  Zealot x2  
  139  17:24  Dark Templar x2  
  139  17:27  Dark Templar  
  137  17:38  Probe x4  
  141  17:50  Probe x3  
  144  17:51  Immortal  
  144  17:55  High Templar x4  
  144  17:56  High Templar  
  158  17:59  Archon x2  
  158  18:01  High Templar  
  158  18:03  Nexus  
  158  18:05  Pylon, Zealot x2  
  164  18:06  Archon  
  164  18:08  Protoss Ground Armor Level 3, Archon  
  156  18:22  Immortal  
  158  18:27  Pylon  
  158  18:29  Zealot x2  
  158  18:30  Zealot x4  
  134  18:54  Fleet Beacon  
  134  18:56  Stargate  
  130  19:10  Void Ray  
  134  19:20  Pylon  
  134  19:24  Assimilator  
  132  19:34  Immortal x2  
  132  19:35  Zealot x4  
  132  19:36  Zealot x3  
  116  19:53  Probe  
  116  19:54  Probe x3  
  116  19:59  Probe  
  121  20:01  Tempest  
  121  20:06  Probe x3  
  125  20:07  Tempest  
  128  20:17  Assimilator x2  
  122  20:24  High Templar x2  
  122  20:27  Zealot x2  
  122  20:28  Zealot x2  
  132  20:29  Archon  
  132  20:34  Probe x3  
  132  20:35  Probe x2  
  123  20:43  Tempest  
  123  20:46  Probe x2  
  123  20:47  Tempest, Probe  
  131  20:55  Zealot x2  
  131  20:56  Zealot  
  142  21:03  Zealot  
  142  21:04  Zealot x2  
  137  21:15  High Templar  
  137  21:16  High Templar x2  
  138  21:19  Tempest  
  132  21:27  Stalker x2  
  132  21:28  Stalker x3  
  140  21:52  Tempest  
  141  22:01  Tempest  
  144  22:12  Zealot x4  
  144  22:13  Zealot x3  
  166  22:27  Probe  
  166  22:28  Probe x4  
  171  22:33  Stargate  
  171  22:39  Gateway  
  171  22:40  Gateway  
  171  22:42  Gateway  
Tags
 
Add a new tag
Caveats
  • Supply blocks, unpowered buildings, or Contaminate may cause inaccurate times.
  • Supply counts are checked every 10 seconds.